BSA
POCATELLO BOCCABELLAS @ VISTA PANTHERS
08/03/2024
 
TOP OF THE 1ST
Pocatello Boccabellas batting - Pitching for Vista Panthers : LHP Cobus Human
Pitching: LHP Cobus Human
Batting: RHB José Delgado 0-0: Ball
1-0: Fly out, F8 (Flyball, 78D)
Batting: RHB Marlon Phipps 0-0: Ball
1-0: Called Strike
1-1: Ball
2-1: Foul Ball, location: 2F
2-2: Foul Ball, location: 2F
2-2: Foul Ball, location: 2F
2-2: Foul Ball, location: 2F
2-2: Fly out, F8 (Flyball, 8LXD)
Batting: RHB Francisco Sandoval 0-0: Ball
1-0: Called Strike
1-1: Fly out, F6 (Popup, 4M)
Top of the 1st over - 0 run(s), 0 hit(s), 0 error(s), 0 left on base; Pocatello 0 - Vista 0
BOTTOM OF THE 1ST
Vista Panthers batting - Pitching for Pocatello Boccabellas : LHP Rod Adams
Pitching: LHP Rod Adams
Batting: RHB Danny Crouch 0-0: Ball
1-0: Ball
2-0: SINGLE (Line Drive, 7S)
Batting: SHB Juan Gómez 0-0: Ball
1-0: Called Strike
1-1: Swinging Strike
1-2: Ball
2-2: Ball
3-2: Fly out, F9 (Flyball, 89D)
Batting: LHB Pablo Rivas 0-0: Called Strike
0-1: Called Strike
0-2: Strikes out swinging
Batting: RHB Wilson López 0-0: Ball
1-0: Ground out 1-3 (Groundball, 15)
Bottom of the 1st over - 0 run(s), 1 hit(s), 0 error(s), 1 left on base; Pocatello 0 - Vista 0
TOP OF THE 2ND
Pocatello Boccabellas batting - Pitching for Vista Panthers : LHP Cobus Human
Batting: RHB Sugita Ito 0-0: Ball
1-0: Foul Ball, location: 2F
1-1: Swinging Strike
1-2: Fly out, F2 (Popup, 23F)
Batting: LHB Norberto Muńóz 0-0: Ball
1-0: Ball
2-0: Ball
3-0: Called Strike
3-1: SINGLE (Flyball, 78M)
Batting: RHB Keith Kirkpatrick 0-0: Ball
1-0: Ball
2-0: Called Strike
2-1: Ball
3-1: Foul Ball, location: 2F
3-2: Base on Balls
Norberto Muńóz to second
Batting: LHB Juan Cortés 0-0: Ball
1-0: Ball
2-0: Ball
3-0: Foul Ball, location: 2F
3-1: Base on Balls
Norberto Muńóz to third
Keith Kirkpatrick to second
Batting: RHB Pete Harvey 0-0: SINGLE (Groundball, 56)
Norberto Muńóz scores
Keith Kirkpatrick to third
Juan Cortés to second
Batting: RHB Teddy Bates 0-0: Fly out, F7 (Line Drive, 7M)
Batting: RHB José Delgado 0-0: Fly out, F9 (Popup, 34D)
Top of the 2nd over - 1 run(s), 2 hit(s), 0 error(s), 3 left on base; Pocatello 1 - Vista 0
BOTTOM OF THE 2ND
Vista Panthers batting - Pitching for Pocatello Boccabellas : LHP Rod Adams
Batting: RHB Jason Jackson 0-0: Ball
1-0: Ball
2-0: Ball
3-0: Called Strike
3-1: Swinging Strike
3-2: Base on Balls
Batting: LHB Patrick Osborne 0-0: Ball
1-0: Ball
2-0: Called Strike
2-1: Ball
3-1: Called Strike
3-2: Base on Balls
Jason Jackson to second
Batting: LHB Harry Pitts 0-0: Called Strike
0-1: Ground out 3-1 (Groundball, 34)
Jason Jackson to third
Patrick Osborne to second
Batting: RHB Roberto Cruz 0-0: Called Strike
0-1: Swinging Strike
0-2: Ball
1-2: Foul Ball, location: 2F
Balk!
Jason Jackson scores
Patrick Osborne to third
1-2: Foul Ball, location: 2F
1-2: Strikes out swinging
Batting: RHB John Mendelson 0-0: Ball
1-0: 2-RUN HOME RUN (Line Drive, 7D), Distance : 420 ft
Batting: RHB Danny Crouch 0-0: Ball
1-0: Called Strike
1-1: Fly out, F2 (Popup, 2RF)
Bottom of the 2nd over - 3 run(s), 1 hit(s), 0 error(s), 0 left on base; Pocatello 1 - Vista 3
TOP OF THE 3RD
Pocatello Boccabellas batting - Pitching for Vista Panthers : LHP Cobus Human
Batting: RHB Marlon Phipps 0-0: Fly out, F8 (Flyball, 8LM)
Batting: RHB Francisco Sandoval 0-0: Ball
1-0: Called Strike
1-1: Swinging Strike
1-2: Ball
2-2: Fly out, F6 (Popup, 6M)
Batting: RHB Sugita Ito 0-0: Ball
1-0: Ball
2-0: Foul Ball, location: 2F
2-1: Fly out, F4 (Line Drive, 4M)
Top of the 3rd over - 0 run(s), 0 hit(s), 0 error(s), 0 left on base; Pocatello 1 - Vista 3
BOTTOM OF THE 3RD
Vista Panthers batting - Pitching for Pocatello Boccabellas : LHP Rod Adams
Batting: SHB Juan Gómez 0-0: Ball
1-0: Called Strike
1-1: Ball
2-1: Ground out 3-1 (Groundball, 34)
Batting: LHB Pablo Rivas 0-0: Ball
1-0: Ball
2-0: Ball
3-0: Base on Balls
Batting: RHB Wilson López 0-0: Called Strike
0-1: Ball
1-1: Called Strike
1-2: Ball
Pablo Rivas is caught stealing 2nd base
2-2: Ground out 6-3 (Groundball, 6)
Bottom of the 3rd over - 0 run(s), 0 hit(s), 0 error(s), 0 left on base; Pocatello 1 - Vista 3
TOP OF THE 4TH
Pocatello Boccabellas batting - Pitching for Vista Panthers : LHP Cobus Human
Batting: LHB Norberto Muńóz 0-0: Called Strike
0-1: Swinging Strike
0-2: Ball
1-2: Strikes out swinging
Batting: RHB Keith Kirkpatrick 0-0: Called Strike
0-1: Ball
1-1: Ball
2-1: Called Strike
2-2: Foul Ball, location: 2F
2-2: DOUBLE (Groundball, 5L)
Batting: LHB Juan Cortés 0-0: Foul Ball, location: 2F
0-1: Ball
1-1: Ball
2-1: Called Strike
2-2: Strikes out swinging
Batting: RHB Pete Harvey 0-0: Swinging Strike
0-1: Ball
1-1: Foul Ball, location: 2F
1-2: Ball
2-2: Ground out 6-3 (Groundball, 6M)
Top of the 4th over - 0 run(s), 1 hit(s), 0 error(s), 1 left on base; Pocatello 1 - Vista 3
BOTTOM OF THE 4TH
Vista Panthers batting - Pitching for Pocatello Boccabellas : LHP Rod Adams
Batting: RHB Jason Jackson 0-0: Fly out, F7 (Line Drive, 7S)
Batting: LHB Patrick Osborne 0-0: Ball
1-0: Foul Ball, location: 2F
1-1: Called Strike
1-2: Strikes out swinging
Batting: LHB Harry Pitts 0-0: Called Strike
0-1: Fly out, F6 (Popup, 6MD)
Bottom of the 4th over - 0 run(s), 0 hit(s), 0 error(s), 0 left on base; Pocatello 1 - Vista 3
TOP OF THE 5TH
Pocatello Boccabellas batting - Pitching for Vista Panthers : LHP Cobus Human
Batting: RHB Teddy Bates 0-0: Ball
1-0: SINGLE (Groundball, 56)
Batting: RHB José Delgado 0-0: Called Strike
0-1: Fielders Choice at 2nd, 6-4 (Groundball, 6)
Batting: RHB Marlon Phipps 0-0: Called Strike
0-1: Ball
1-1: Ball
José Delgado is caught stealing 2nd base
2-1: Foul Ball, location: 2F
2-2: Foul Ball, location: 2F
2-2: Strikes out swinging
Top of the 5th over - 0 run(s), 1 hit(s), 0 error(s), 0 left on base; Pocatello 1 - Vista 3
BOTTOM OF THE 5TH
Vista Panthers batting - Pitching for Pocatello Boccabellas : LHP Rod Adams
Batting: RHB Roberto Cruz 0-0: Called Strike
0-1: Ball
1-1: Fly out, F8 (Line Drive, 8RXD)
Batting: RHB John Mendelson 0-0: Foul Ball, location: 2F
0-1: Ball
1-1: Foul Ball, location: 2F
1-2: Ground out 6-3 (Groundball, 6)
Batting: RHB Danny Crouch 0-0: Called Strike
0-1: Foul Ball, location: 2F
0-2: Ball
1-2: Foul Ball, location: 2F
1-2: Ball
2-2: Ball
3-2: Base on Balls
Batting: SHB Juan Gómez 0-0: Foul Ball, location: 2F
0-1: Ball
1-1: Ball
2-1: Fly out, F9 (Popup, 89S)
Bottom of the 5th over - 0 run(s), 0 hit(s), 0 error(s), 1 left on base; Pocatello 1 - Vista 3
TOP OF THE 6TH
Pocatello Boccabellas batting - Pitching for Vista Panthers : LHP Cobus Human
Batting: RHB Francisco Sandoval 0-0: Ball
1-0: Called Strike
1-1: Called Strike
1-2: Ball
2-2: Foul Ball, location: 2F
2-2: Fly out, F8 (Flyball, 8RS)
Batting: RHB Sugita Ito 0-0: Ball
1-0: Called Strike
1-1: Ball
2-1: Foul Ball, location: 2F
2-2: Ground out 5-3 (Groundball, 5S)
Batting: LHB Norberto Muńóz 0-0: Ball
1-0: Called Strike
1-1: Called Strike
1-2: Ball
2-2: Fly out, F7 (Popup, 7LS)
Top of the 6th over - 0 run(s), 0 hit(s), 0 error(s), 0 left on base; Pocatello 1 - Vista 3
BOTTOM OF THE 6TH
Vista Panthers batting - Pitching for Pocatello Boccabellas : LHP Rod Adams
Batting: LHB Pablo Rivas 0-0: Called Strike
0-1: Called Strike
0-2: Foul Ball, location: 2F
0-2: Foul Ball, location: 2F
0-2: Foul Ball, location: 2F
0-2: Ball
1-2: Foul Ball, location: 2F
1-2: Fly out, F9 (Line Drive, 89M)
Batting: RHB Wilson López 0-0: Ball
1-0: Foul Ball, location: 2F
1-1: Ball
2-1: Foul Ball, location: 2F
2-2: SINGLE (Groundball, 56D)
Batting: RHB Jason Jackson 0-0: Ball
1-0: Ball
2-0: Ball
Pickoff Throw to First - Out!
3-0: Called Strike
3-1: Ground out 1-3 (Groundball, 15)
Bottom of the 6th over - 0 run(s), 1 hit(s), 0 error(s), 0 left on base; Pocatello 1 - Vista 3
TOP OF THE 7TH
Pocatello Boccabellas batting - Pitching for Vista Panthers : LHP Cobus Human
Batting: RHB Keith Kirkpatrick 0-0: Called Strike
0-1: Called Strike
0-2: Foul Ball, location: 2F
0-2: Ball
1-2: Strikes out swinging
Batting: LHB Juan Cortés 0-0: Fly out, F7 (Line Drive, 7M)
Batting: RHB Pete Harvey 0-0: Fly out, F3 (Popup, 3D)
Top of the 7th over - 0 run(s), 0 hit(s), 0 error(s), 0 left on base; Pocatello 1 - Vista 3
BOTTOM OF THE 7TH
Vista Panthers batting - Pitching for Pocatello Boccabellas : LHP Rod Adams
Pitching: LHP Mario Tobías
Batting: LHB Patrick Osborne 0-0: Foul Ball, location: 2F
0-1: Ball
1-1: Swinging Strike
1-2: Ball
2-2: Foul Ball, location: 2F
2-2: Fly out, F8 (Flyball, 8LM)
Batting: LHB Harry Pitts 0-0: Ball
1-0: Called Strike
1-1: DOUBLE (Line Drive, 3L)
Batting: RHB Roberto Cruz 0-0: Called Strike
0-1: Ball
1-1: Called Strike
1-2: Ball
2-2: Strikes out swinging
Batting: RHB John Mendelson 0-0: Called Strike
0-1: Foul Ball, location: 2F
0-2: Ground out 6-3 (Groundball, 6)
Bottom of the 7th over - 0 run(s), 1 hit(s), 0 error(s), 1 left on base; Pocatello 1 - Vista 3
TOP OF THE 8TH
Pocatello Boccabellas batting - Pitching for Vista Panthers : LHP Cobus Human
Pitching: RHP Warren Piniella
Batting: RHB Teddy Bates 0-0: Ball
1-0: Called Strike
1-1: Called Strike
1-2: Ground out 4-3 (Groundball, 4M)
Batting: RHB José Delgado 0-0: Ball
1-0: Ball
2-0: Called Strike
2-1: Swinging Strike
2-2: Foul Ball, location: 2F
2-2: Ball
3-2: Fly out, F8 (Flyball, 8RD)
Batting: RHB Marlon Phipps 0-0: Called Strike
0-1: Ball
1-1: Ball
2-1: Ball
3-1: SINGLE (Groundball, 56D)
Pitching: RHP Sloan Otto
Batting: RHB Francisco Sandoval 0-0: Ball
1-0: Ball
2-0: Foul Ball, location: 2F
2-1: Fly out, F4 (Popup, 4D)
Top of the 8th over - 0 run(s), 1 hit(s), 0 error(s), 1 left on base; Pocatello 1 - Vista 3
BOTTOM OF THE 8TH
Vista Panthers batting - Pitching for Pocatello Boccabellas : LHP Mario Tobías
Batting: RHB Danny Crouch 0-0: Ball
1-0: Swinging Strike
1-1: Foul Ball, location: 2F
1-2: Strikes out looking
Batting: SHB Juan Gómez 0-0: Ball
1-0: Foul Ball, location: 2F
1-1: Fly out, F9 (Flyball, 9LM)
Batting: LHB Pablo Rivas 0-0: Foul Ball, location: 2F
0-1: Foul Ball, location: 2F
0-2: Ball
1-2: Foul Ball, location: 2F
1-2: Fly out, F7 (Flyball, 7M)
Bottom of the 8th over - 0 run(s), 0 hit(s), 0 error(s), 0 left on base; Pocatello 1 - Vista 3
TOP OF THE 9TH
Pocatello Boccabellas batting - Pitching for Vista Panthers : RHP Sloan Otto
Pitching: RHP José Betancourt
Batting: RHB Sugita Ito 0-0: Called Strike
0-1: Ball
1-1: Ball
2-1: SOLO HOME RUN (Flyball, 8RXD), Distance : 422 ft
Batting: LHB Norberto Muńóz 0-0: Fly out, F5 (Popup, 5F)
Batting: RHB Keith Kirkpatrick 0-0: Swinging Strike
0-1: Foul Ball, location: 2F
0-2: Ball
1-2: Strikes out swinging
Batting: LHB Juan Cortés 0-0: Swinging Strike
0-1: SINGLE (Groundball, 6M)
Pinch Hitting: SHB Guillermo Ortíz 0-0: Ball
1-0: Called Strike
1-1: Ball
2-1: Ground out 4-3 (Groundball, 34)
Top of the 9th over - 1 run(s), 2 hit(s), 0 error(s), 1 left on base; Pocatello 2 - Vista 3
This league is powered by Out of the Park Baseball, the baseball management simulation game for PC, Mac and Linux
Saturday, April 9th, 2016 - OOTP Baseball 16.8 Build 38